 Dungeon Crawl Stone Soup version 0.31-a0-161-gb58dd9be76 (webtiles) character file.

Game seed: 14338176381439541354

623 qw the Chopper (level 7, -6/43 HPs)
             Began as a Gargoyle Fighter on June 12, 2023.
             Mangled by a killer bee (8 damage)
             ... on level 5 of the Dungeon.
             The game lasted 00:02:01 (3606 turns).

qw the Chopper (Gargoyle Fighter)                   Turns: 3606, Time: 00:02:01

Health: -6/43      AC: 12    Str: 21    XL:     7   Next: 47%
Magic:  7/7        EV:  9    Int:  9    God:
Gold:   308        SH:  4    Dex:  9    Spells: 6/6 levels left

rFire   . . .        Y - +0 war axe
rCold   . . .        c - +0 buckler
rNeg    + . .        b - +0 scale mail
rPois   inf          (no helmet)
rElec   +            e - +0 cloak
rCorr   .            (no gloves)
SInv    .            (no boots)
Will    .....        g - amulet of faith Stlth
                     (no ring)
HPRegen 0.27/turn    (no ring)
MPRegen 0.10/turn

%: faith
@: no status effects
A: sickness immunity, AC +4, negative energy resistance 1, electricity
resistance, torment resistance 1, petrification resistance
a: no special abilities


You were on level 5 of the Dungeon.
You visited 2 branches of the dungeon, and saw 6 of its levels.

You collected 308 gold pieces.


Innate Abilities, Weirdness & Mutations

You are immune to sickness and miasma.
Your stone body is resilient. (AC +4)
You are immune to poison.
You resist negative energy. (rN+)
You are resistant to electric shocks. (rElec)
You are resistant to unholy torment.
You are immune to petrification.


   Skills:
 + Level 4.0 Fighting
 - Level 7.0 Axes
 - Level 3.2 Armour
 - Level 1.0 Dodging
 - Level 3.2 Shields


You had 6 spell levels left.
You didn't know any spells.
Your spell library was empty.

Inventory:

Hand Weapons
 k - a +0 morningstar
 Y - a +0 war axe (weapon)
Missiles
 n - 4 boomerangs (quivered)
Armour
 b - a +0 scale mail (worn)
 c - a +0 buckler (worn)
 e - a +0 cloak (worn)
 q - a +0 chain mail
Jewellery
 f - a ring of fire
 g - an amulet of faith (around neck)
Wands
 a - a wand of digging (12)
Scrolls
 p - a scroll of identify
 s - a scroll of brand weapon {unknown}
Potions
 d - 2 potions of might
 h - a potion of cancellation {unknown}
 i - a potion of brilliance {unknown}
 j - 3 potions of curing
 m - a potion of invisibility {unknown}
 o - a potion of haste {unknown}

Dungeon Overview and Level Annotations

Branches:
Dungeon (5/15)             Temple (1/1) D:4

Altars:
Ashenzari
Cheibriados
Dithmenos
Elyvilon
Kikubaaqudgha
Makhleb
Qazlal
Ru
Sif Muna
Uskayaw
Vehumet
Wu Jian
Xom
Yredelemnul
The Shining One

Annotations:
D:4 3 runed translucent doors, qw's ghost, amateur NaHu


Message History

The killer bee stings you but does no damage.
3600 ||| DRINKING potion of heal wounds.
You feel much better. The killer bee misses you.
The killer bee stings you but does no damage.
The killer bee barely misses you.
The killer bee stings you but does no damage. x3
You miss the killer bee. You barely miss the killer bee.
You slash the killer bee!
Your surroundings suddenly seem different.
An orc, an orc wizard and a killer bee come into view.
The orc is wielding a +4 dagger of venom.
The orc shouts!
The orc wizard shouts!
An orc comes into view. It is wielding a +0 hand axe.
Enter note:
Enter note:
Enter note:
Enter note: The killer bee stings you. x2
A black bear comes into view.
Enter note:
Enter note: The black bear growls angrily.
You hit the orc wizard.
The orc wizard is moderately wounded.
You closely miss the killer bee. The killer bee stings you.
You block the killer bee's attack.
The orc wizard hits you but does no damage.
You slash the orc wizard!
You kill the orc wizard!
You barely miss the killer bee. You hit the orc.
The killer bee barely misses you.
The killer bee stings you but does no damage.
The orc hits you but does no damage. The killer bee closely misses you.
Your Axes skill increases to level 7!
You slash the orc!
You kill the orc!
You miss the killer bee. You barely miss the orc. The killer bee stings you!
You die...

#.......# #.##.##.#
#..... ..
##.##..#.#####....###.
.#.###...............
#..###..............
.#................h
######..######....####.#
# #..# #.)yo.....#..
######..# #..@# ...
........# #...# ..$
..#####.# #...# #.#
........#
#...########.##
<.#######
###...#.......Sy# ..#
#.)........###yy# .
..######
#.##........##y.###..#
.......#
##.....................
.#.....#
##..###.........#.######


You could see a black bear, a killer bee and an orc.

Vanquished Creatures
  Sigmund (D:2)
  A scorpion (D:5)
  A killer bee (D:5)
  An orc priest (D:3)
  A hound (D:5)
  An iguana (D:4)
  Jessica (D:2)
  3 orc wizards
  9 adders
  2 worms
  3 dart slugs
  10 orcs
  5 endoplasms
  4 giant cockroaches
  5 goblins
  9 hobgoblins
  2 jackals (D:4)
  8 kobolds
  3 quokkas
  9 ball pythons
  5 bats
  5 frilled lizards
  6 rats
95 creatures vanquished.

Notes
Turn   | Place    | Note
-------+----------+-------------------------------------------
     0 | D:1      | qw the Gargoyle Fighter began the quest for the Orb.
     0 | D:1      | Reached XP level 1. HP: 14/14 MP: 1/1
     0 | D:1      | 0 ||| qw: Version: 0.2-a-29-gc1b59c4
     0 | D:1      | 0 ||| qw: Game counter: 4174
     0 | D:1      | 0 ||| qw: Always use a shield: true
     0 | D:1      | 0 ||| qw: God list: Okawaru
     0 | D:1      | 0 ||| qw: Allow faded altars: false
     0 | D:1      | 0 ||| qw: Do Orc after D:15 true
     0 | D:1      | 0 ||| qw: Do second Lair branch before Depths: true
     0 | D:1      | 0 ||| qw: Lair rune preference: random
     0 | D:1      | 0 ||| qw: Plans: Normal, Zot:1-4, Slime:5, God:TSO, Crypt,
                  | Tomb, Abyss, Pan, Hells, Win
     0 | D:1      | 0 ||| PLANNING D:1-11
    33 | D:1      | Reached skill level 2 in Axes
    82 | D:1      | Reached XP level 2. HP: 19/19 MP: 2/2
   121 | D:1      | 121 ||| Stepping ~*~*~tactically~*~*~ (stealth).
   180 | D:1      | 180 ||| Stepping ~*~*~tactically~*~*~ (stealth).
   192 | D:1      | 192 ||| FLEEEEING.
   440 | D:1      | Reached skill level 3 in Axes
   470 | D:1      | You fall into a shaft and drop 1 floor!
   471 | D:2      | 471 ||| UPGRADING to +0 cloak.
   476 | D:2      | 476 ||| READING scroll labelled DYKHI YGHICH.
   601 | D:1      | Reached XP level 3. HP: 17/23 MP: 3/3
   639 | D:1      | 639 ||| Stepping ~*~*~tactically~*~*~ (hiding).
   641 | D:1      | 641 ||| Stepping ~*~*~tactically~*~*~ (hiding).
   793 | D:1      | 793 ||| Stepping ~*~*~tactically~*~*~ (hiding).
  1039 | D:1      | 1039 ||| Stepping ~*~*~tactically~*~*~ (hiding).
  1040 | D:1      | 1040 ||| Stepping ~*~*~tactically~*~*~ (hiding).
  1041 | D:1      | 1041 ||| Stepping ~*~*~tactically~*~*~ (hiding).
  1060 | D:1      | 1060 ||| Stepping ~*~*~tactically~*~*~ (hiding).
  1228 | D:1      | 1228 ||| UPGRADING to amulet of faith.
  1233 | D:1      | 1233 ||| READING scroll labelled YQAOS AVVAME.
  1249 | D:1      | 1249 ||| READING scroll labelled PEHEC OGIA.
  1295 | D:2      | Noticed Jessica
  1302 | D:2      | Killed Jessica
  1303 | D:2      | Reached XP level 4. HP: 28/28 MP: 4/4
  1309 | D:2      | Reached skill level 4 in Axes
  1342 | D:2      | Noticed Sigmund
  1355 | D:2      | Killed Sigmund
  1356 | D:2      | Reached skill level 5 in Axes
  1356 | D:2      | Reached XP level 5. HP: 27/32 MP: 5/5
  1356 | D:2      | Reached XP level 6. HP: 32/37 MP: 6/6
  1378 | D:2      | Found a faded altar of an unknown god.
  1558 | D:2      | Found an ancient bone altar of Kikubaaqudgha.
  1614 | D:2      | 1614 ||| Stepping ~*~*~tactically~*~*~ (hiding).
  1873 | D:2      | 1873 ||| READING scroll labelled ZAYPLO ZUROSK.
  1874 | D:2      | 1874 ||| READING scroll labelled KIENNO INARUB.
  1875 | D:2      | 1875 ||| READING 2 scrolls labelled BONNOCH KEAC.
  1876 | D:2      | 1876 ||| DROPPING scroll of amnesia.
  2194 | D:3      | 2194 ||| Stepping ~*~*~tactically~*~*~ (hiding).
  2201 | D:3      | Reached skill level 1 in Dodging
  2414 | D:3      | 2414 ||| DROPPING ring of flight.
  2415 | D:3      | 2415 ||| READING scroll labelled TAENTUTUTE.
  2418 | D:3      | 2418 ||| DRINKING 2 puce potions.
  2419 | D:3      | 2419 ||| DRINKING 2 green potions.
  2441 | D:4      | 2441 ||| DRINKING potion of curing.
  2441 | D:4      | 2441 ||| (to cure confusion)
  2560 | D:4      | 2560 ||| Stepping ~*~*~tactically~*~*~ (stealth).
  2593 | D:4      | Found a runed translucent gate.
  2593 | D:4      | Found a runed translucent gate.
  2593 | D:4      | Found a runed translucent gate.
  2668 | D:4      | 2668 ||| DROPPING +0 whip.
  2703 | D:4      | Found a broken altar of Ashenzari.
  2704 | D:4      | 2704 ||| Stepping ~*~*~tactically~*~*~ (stealth).
  2719 | D:4      | Reached skill level 6 in Axes
  2719 | D:4      | Reached XP level 7. HP: 33/43 MP: 7/7
  2811 | D:4      | 2811 ||| Stepping ~*~*~tactically~*~*~ (hiding).
  2915 | D:4      | Found a snail-covered altar of Cheibriados.
  2955 | D:4      | Noticed qw's ghost (amateur NaHu)
  3042 | D:4      | Found a staircase to the Ecumenical Temple.
  3043 | D:4      | 3043 ||| PLANNING TEMPLE
  3043 | D:4      | 3043 ||| READING 2 scrolls labelled BUGUDI KEIQOO.
  3044 | D:4      | 3044 ||| DROPPING scroll of fear.
  3050 | Temple   | Entered the Ecumenical Temple
  3050 | Temple   | Found a transporter.
  3050 | Temple   | Found a transporter.
  3052 | Temple   | Found a transporter.
  3052 | Temple   | Found a transporter.
  3062 | Temple   | 3062 ||| PLANNING D:1-11
  3333 | D:5      | Entered Level 5 of the Dungeon
  3333 | D:5      | Found a shimmering blue altar of Sif Muna.
  3453 | D:5      | Found a hide-covered altar of Uskayaw.
  3589 | D:5      | 3589 ||| Stepping ~*~*~tactically~*~*~ (stealth).
  3598 | D:5      | HP: 5/43 [killer bee (6)]
  3599 | D:5      | 3599 ||| READING scroll of teleportation.
  3599 | D:5      | HP: 2/43 [killer bee (2)]
  3600 | D:5      | 3600 ||| DRINKING potion of heal wounds.
  3604 | D:5      | HP: 1/43 [killer bee (6)]
  3606 | D:5      | Reached skill level 7 in Axes
  3606 | D:5      | Mangled by a killer bee

Levels and vault maps discovered:
D:1:      saegor_arrival_miasma, layout_basic, hex_medium,
          nicolae_figureground_pulse
D:2:      minmay_recursive_quarters, layout_rooms, basic_ecumenical_altar,
          basic_altar, minmay_tromino_v4_b, uniq_sigmund, uniq_jessica
D:3:      layout_rooms, serial_park_tiny_1, kennysheep_potato
D:4:      layout_loops_ring, ashenzari_altar_1, kennysheep_mini,
          minmay_temple_entry_nine_rooms, gammafunk_ghost_icy
D:5:      layout_loops_cross, zin_scriptorium,
          chequers_temple_overflow_statue_of_worship, minivault_1
Temple:   hellmonk_temple_divided_pantheon

Skill      XL: |  1  2  3  4  5  6  7 |
---------------+----------------------+-----
Axes           | 2 3 5 6 7 |  7.0
Fighting       | 4 |  4.0
Dodging        | 1 |  1.0
Armour         | |  3.2
Shields        | |  3.2

Action                     |  1- 3 |  4- 6 |  7- 9 || total
---------------------------+-------+-------+-------++-------
  Melee: War axe           |    86 |   160 |    59 ||   305
  Throw: Boomerang         |       |       |     2 ||     2
    Use: Scroll            |     3 |     4 |     2 ||     9
         Potion            |       |     3 |     1 ||     4
 Armour: Scale mail        |    45 |    97 |    57 ||   199
  Dodge: Dodged            |    34 |    61 |    45 ||   140
  Block: Buckler           |    20 |    31 |    16 ||    67

Table legend:
 A = Non-vault XP
 B = Vault XP
 C = Vault XP percentage of total XP
 D = Non-vault monster count
 E = Vault monster count
 F = Vault count percentage of total count
                 A         B        C        D         E       F
            +---------+---------+-------+---------+---------+-------
      Total |     597 |     297 |  33.2 |      86 |       9 |   9.5
            +---------+---------+-------+---------+---------+-------
        D:1 |      48 |       0 |   0.0 |      30 |       0 |   0.0
        D:2 |      39 |     279 |  87.7 |      13 |       6 |  31.6
        D:3 |      81 |      18 |  18.2 |      15 |       3 |  16.7
        D:4 |     175 |       0 |   0.0 |      19 |       0 |   0.0
        D:5 |     254 |       0 |   0.0 |       9 |       0 |   0.0
            +---------+---------+-------+---------+---------+-------
